 Seeded DCSS version 0.28-a0-1567-g1695149f81 (webtiles) character file.

Game seed: 114 (custom seed)

237 knot the Chopper (level 5, -2/61 HPs)
             Began as a Demonspawn Berserker on Jan 19, 2022.
             Was a Follower of Trog.
             Succumbed to belegose's ghost's dark miasma
             ... on level 3 of the Dungeon.
             The game lasted 00:02:40 (4440 turns).

knot the Chopper (Demonspawn Berserker)             Turns: 4440, Time: 00:02:40

Health: -2/61      AC:  7    Str: 18    XL:     5   Next: 77%
Magic:  5/5        EV: 12    Int: 10    God:    Trog [*.....]
Gold:   117        SH:  0    Dex: 12    Spells: 4/4 levels left

rFire   . . .      SeeInvis .   a - +0 hand axe
rCold   . . .      Faith    .   (no shield)
rNeg    . . .      Spirit   .   b - +0 animal skin
rPois   .          Reflect  .   (helmet restricted)
rElec   .          Harm     .   k - +0 cloak
rCorr   .          Rampage  .   (no gloves)
Will    .....                   (no boots)
Stlth   ..........              (no amulet)
HPRegen 0.20/turn               h - +4 ring of protection
MPRegen 0.09/turn               (no ring)

@: berserking (expiring), lethally poisoned (-2 -> -77), very quick
A: antennae 2
a: Renounce Religion, Berserk


You were on level 3 of the Dungeon.
You worshipped Trog.
Trog was aware of your devotion.
You visited 1 branch of the dungeon, and saw 3 of its levels.

You collected 117 gold pieces.

Inventory:

Hand Weapons
 a - a +0 hand axe (weapon)
Missiles
 g - 66 stones (quivered)
 p - 2 boomerangs
Armour
 b - a +0 animal skin (worn)
 k - a +0 cloak (worn)
Jewellery
 h - a +4 ring of protection (left hand)
Wands
 l - a wand of flame (17)
Scrolls
 c - a scroll of identify {unknown}
 d - 2 scrolls of fog {unknown}
 i - a scroll of teleportation {unknown}
 j - a scroll of blinking {unknown}
 m - a scroll of immolation {unknown}
 n - a scroll of brand weapon {unknown}
 o - a scroll of fear {unknown}
Potions
 e - a potion of degeneration {unknown}
 f - a potion of attraction {unknown}


   Skills:
 - Level 3.0 Fighting
 + Level 6.0 Axes
 - Level 1.7 Armour
 - Level 1.7 Dodging


You had 4 spell levels left.
You didn't know any spells.
Your spell library contained the following spells:

 Spells                   Type           Power      Damage    Failure   Level
 Foxfire                  Conj/Fire      0%         2x1d4     36%         1
 Freeze                   Ice            0%         1d3       36%         1
 Conjure Flame            Conj/Fire      0%         6-21      75%         3
 Frozen Ramparts          Ice            0%         1d2       75%         3
 Inner Flame              Hex/Fire       0%         N/A       75%         3
 Flame Wave               Conj/Fire      0%         2d4       98%         4
 Hailstorm                Conj/Ice       0%         3d3       98%         4


Dungeon Overview and Level Annotations

Branches:
Dungeon (3/15)

Altars:
Makhleb
Beogh

Annotations:
D:3 belegose's ghost, amateur DjEn


Innate Abilities, Weirdness & Mutations

You have a pair of antennae on your head.


Message History

You hit the orc. You slash the orc!
You kill the orc!
Trog accepts your kill.
You hit the orc.
Your Axes skill increases to level 6!
You slash the orc!
You kill the orc!
Trog accepts your kill.
You slash the orc!
You kill the orc!
Trog accepts your kill.
Belegose's ghost casts a spell.
You smell decay.
There is an open translucent gate, spattered with blood here.
Items here: ( ))) [ ÷÷.
You closely miss belegose's ghost.
You are engulfed in dark miasma.
You are poisoned.
You feel very sick.
Belegose's ghost hits you but does no damage.
You slash belegose's ghost!
Belegose's ghost is moderately damaged.
You are engulfed in dark miasma.
You are lethally poisoned!
You feel extremely sick.
You hit belegose's ghost.
Belegose's ghost is moderately damaged.
You are engulfed in dark miasma.
You are more poisoned.
You feel extremely sick. Belegose's ghost barely misses you.
You are too injured to fight recklessly!
You are too injured to fight recklessly!
You are too injured to fight recklessly!
You slash belegose's ghost!
Belegose's ghost is severely damaged.
You are engulfed in dark miasma.
You are more poisoned.
* * * LOW HITPOINT WARNING * * *
You feel extremely sick.
Belegose's ghost casts a spell.
You die...

......##...################......
......##...#8....[_[... 8 #......
...).......#.............##......
...........#.#8#..8..#8#.#.......
###........#.###.....###.###'####
.##........#...o#####....# #.# #
...........#...oW°.......###'####
.........#.######°''######.......
.........#.8....@).......8.......
.........#.......................
.....#####.......................
........##............>.##.......
........##................#......
####....####..............#......
#....# #......#.......#......
#....# #......#.......#......
#########......#.......#......


You could see belegose's ghost and 2 orcs.

Vanquished Creatures
  2 orc priests (D:3)
  3 iron imps (D:3)
  3 adders
  11 orcs
  6 bats
  8 endoplasms
  5 goblins
  2 hobgoblins
  2 kobolds (D:1)
  2 quokkas
  5 ball pythons
  6 frilled lizards
  4 rats
59 creatures vanquished.

Notes
Turn   | Place    | Note
-------+----------+-------------------------------------------
     0 | D:1      | knot the Demonspawn Berserker began the quest for the Orb.
     0 | D:1      | Reached XP level 1. HP: 18/18 MP: 1/1
    12 | D:1      | Found a faded altar of an unknown god.
   258 | D:1      | Reached skill level 3 in Axes
   516 | D:1      | Gained mutation: You have a pair of small antennae on your
                  | head. [demonic ancestry]
   516 | D:1      | Reached XP level 2. HP: 21/24 MP: 2/2
  1357 | D:2      | Reached XP level 3. HP: 14/29 MP: 3/3
  1950 | D:2      | Reached skill level 4 in Axes
  2624 | D:3      | Gained mutation: You have a pair of antennae on your head.
                  | [demonic ancestry]
  2624 | D:3      | Reached XP level 4. HP: 35/35 MP: 4/4
  2957 | D:3      | Found a runed translucent gate.
  2958 | D:3      | Found a runed translucent gate.
  2958 | D:3      | Identified the +10 dagger of Doom {elec, rF+ Int+3 SInv}
  2958 | D:3      | Noticed belegose's ghost (amateur DjEn)
  2959 | D:3      | Found a runed translucent gate.
  3520 | D:3      | Reached skill level 5 in Axes
  3639 | D:3      | Reached ** piety under Trog
  3646 | D:3      | Reached XP level 5. HP: 23/41 MP: 5/5
  3849 | D:3      | Found a burning altar of Makhleb.
  4433 | D:3      | Reached skill level 6 in Axes
  4440 | D:3      | Succumbed to belegose's ghost's dark miasma

Illustrated notes

Levels and vault maps discovered:
D:1:      beargit_arrival_greenhouse, layout_loops_cross,
          serial_co_window_serial, co_window_paths_a, co_window_paths_a,
          co_window_paths_b, co_window_of_opportunity_a, co_window_corner_a,
          co_window_corner_b, co_window_cross_3, co_window_corner_b,
          co_window_corner_b, glass_columns_a, glass_columns_b,
          ebering_ecumenical_altar_rust
D:2:      layout_loops_ring
D:3:      layout_basic, demons_altar, biasface_ghost_orc_armoury,
          amcnicky_mini_rare_corridor_liquid

Skill      XL: |  1  2  3  4  5 |
---------------+----------------+-----
Axes           | 3 4 5 6 |  6.0
Fighting       | |  3.0
Armour         | |  1.7
Dodging        | |  1.7

Action                   |  1- 3 |  4- 6 || total
-------------------------+-------+-------++-------
Melee: Hand axe          |    90 |    62 ||   152
       Punch             |     1 |       ||     1
Invok: Berserk           |     2 |     5 ||     7
 Stab: Sleeping          |     3 |       ||     3
Armor: Animal skin       |    24 |    19 ||    43
Dodge: Dodged            |    54 |    18 ||    72

Table legend: (Time is in decaauts)
 A = Elapsed time spent in this place.
 B = Non-inter-level travel time spent in this place.
 C = Inter-level travel time spent in this place.
 D = Time resting spent in this place.
 E = Time spent auto-exploring this place.
 F = Levels seen in this place.
 G = Mean time per level.
                   A        B        C        D        E       F      G
               +--------+--------+--------+--------+--------+-----+--------+
         Total |   4510 |   4427 |     83 |   1796 |   2181 |   3 | 1503.3 |
       Dungeon |   4510 |   4427 |     83 |   1796 |   2181 |   3 | 1503.3 |
               +--------+--------+--------+--------+--------+-----+--------+

Top non-repeatable levels by time:
     D:2: 1890 daAuts
     D:3: 1318 daAuts
     D:1: 1301 daAuts
